 Dungeon Crawl Stone Soup version 0.30-a0-576-g89cddaab80 (webtiles) character file.

Game seed: 11577764773116801867

1967 Shayle the Ducker (level 9, -1/55 HPs)
             Began as a Tengu Reaver on Dec 30, 2022.
             Killed from afar by a white imp (7 damage)
             ... with a puff of frost
             ... on level 6 of the Dungeon.
             The game lasted 00:16:29 (6076 turns).

Shayle the Ducker (Tengu Reaver)                    Turns: 6076, Time: 00:16:30

Health: -1/55      AC:  9    Str: 13    XL:     9   Next: 19%
Magic:  16/16      EV: 21    Int: 17    God:
Gold:   308        SH:  0    Dex: 13    Spells: 9/16 levels left

rFire   . . .      SeeInvis .    r - +2 spear (venom)
rCold   . . .      Faith    .    (no shield)
rNeg    . . .      Spirit   .    b - +1 leather armour
rPois   .          Reflect  .    (helmet restricted)
rElec   .          Harm     .    (no cloak)
rCorr   .          Rampage  .    u - +0 pair of gloves
Will    .....                    (boots unavailable)
Stlth   +                        (no amulet)
HPRegen 0.29/turn                B - +4 ring of protection
MPRegen 0.15/turn                l - +5 ring of evasion

@: weakened, flying quickly and evasively, quick
A: beak, talons 3, nimble flight
a: no special abilities


You were on level 6 of the Dungeon.
You visited 2 branches of the dungeon, and saw 7 of its levels.

You collected 308 gold pieces.

Inventory:

Hand Weapons
 a - a +0 short sword
 h - a +2 dagger of freezing
 r - a +2 spear of venom (weapon)
 x - a +2 dagger of pain
Missiles
 C - 4 throwing nets
Armour
 b - a +1 leather armour (worn)
 u - a +0 pair of gloves (worn)
Jewellery
 l - a +5 ring of evasion (right hand)
 m - a ring of fire
 v - a ring of fire
 B - a +4 ring of protection (left hand)
Wands
 k - a wand of charming (13)
 p - a wand of flame (23)
 w - a wand of iceblast (12)
Scrolls
 d - 2 scrolls of vulnerability
 f - 3 scrolls of magic mapping
 i - 2 scrolls of amnesia
 j - 2 scrolls of immolation
 o - a scroll of teleportation
 t - a scroll of brand weapon
 y - a scroll of poison {unknown}
 z - a scroll of blinking {unknown}
 A - a scroll of torment {unknown}
 D - a scroll of noise {unknown}
 E - a scroll of enchant weapon
Potions
 c - 3 potions of attraction {unknown}
 e - 3 potions of magic
 g - 2 potions of flight
 n - 2 potions of heal wounds
 q - a potion of lignification {unknown}
 s - 2 potions of degeneration {unknown}
 F - a potion of cancellation {unknown}


   Skills:
 + Level 5.8 Fighting
 - Level 3.2 Short Blades
 + Level 6.3 Dodging
 + Level 4.2 Spellcasting
 - Level 4.0 Conjurations
 + Level 5.8 Necromancy
 + Level 3.9 Earth Magic


You had 9 spell levels left.
You knew the following spells:

 Your Spells              Type           Power      Damage    Failure   Level
a - Kiss of Death         Conj/Necr      80%        2d11      2%          1
b - Vampiric Draining     Necr           23%        2d7       5%          3
c - Stone Arrow           Conj/Erth      34%        3d9       12%         3

Your spell library contained the following spells:

 Spells                   Type           Power      Damage    Failure   Level
 Necrotise                Necr           92%        1d8       1%          1
 Sublimation of Blood     Necr           23%        N/A       2%          2
 Foxfire                  Conj/Fire      40%        2x1d6     9%          1
 Momentum Strike          Conj/Tloc      20%        3d8       13%         2
 Hailstorm                Conj/Ice       10%        3d5       26%         3
 Agony                    Necr           23%        N/A       45%         5
 Ignite Poison            Fire/Tmut/Pois 3%         N/A       52%         3
 Kindle Blastsparks       Fire/Tloc/Air  6%         2d10      52%         3
 Petrify                  Tmut/Erth      10%        N/A       65%         4
 Fireball                 Conj/Fire      5%         3d5       94%         5
 Irradiate                Conj/Tmut      5%         3d13      94%         5
 Freezing Cloud           Conj/Ice/Air   4%         6-21      97%         5
 Iron Shot                Conj/Erth      8%         9d3       99%         6
 Starburst                Conj/Fire      5%         6d4       100%        6


Dungeon Overview and Level Annotations

Branches:
Dungeon (6/15)             Temple (1/1) D:4

Altars:
Ashenzari
Cheibriados
Dithmenos
Elyvilon
Fedhas
Makhleb
Nemelex Xobeh
Ru
Uskayaw
Wu Jian
Xom
Yredelemnul
Zin

Annotations:
D:2 1 runed translucent door, Crazy Yiuf


Innate Abilities, Weirdness & Mutations

You have a beak for a mouth.
You have claws for feet.
Your magical nature lets you fly swiftly and evasively.


Message History

The gnoll completely misses you.
As you read the scroll of teleportation, it crumbles to dust.
You feel strangely unstable.
The gnoll hits you from afar with a +0 halberd!
You see here a +0 dagger.
The gnoll shouts!
Your surroundings suddenly seem different.
A gnoll bouda, 3 gnolls, a white imp and a shadow imp come into view.
The gnoll bouda is wielding a +0 falchion and carrying a wand of polymorph (10).
Found four items.
The gnoll shouts! x4
The shadow imp shouts, "Remove thy stench, thou fawning shard-borne giglet!"
You hear a bark!
The gnoll bouda gazes fiercely through you!
You feel your attacks grow feeble.
The gnoll throws a throwing net.
The throwing net misses you.
The gnoll throws a boomerang.
The boomerang hits you but does no damage.
The white imp shouts!
The gnoll bouda barks out a call to the hunt!
The gnolls pick up the pace!
The white imp gestures at you. The puff of frost hits you.
The gnoll throws a boomerang.
The boomerang completely misses you.
The gnoll throws a boomerang.
The boomerang hits you.
You see here a throwing net.
C - 4 throwing nets (gained 1)
The gnoll throws a boomerang.
The boomerang hits you.
* * * LOW HITPOINT WARNING * * *
The gnoll throws a boomerang.
The boomerang completely misses you. The white imp gestures at you.
The puff of frost hits you!
* * * LOW HITPOINT WARNING * * *
Reach: r) +2 spear (venom)
Press: ? - help, Dir - move target, f - white imp
Aim: a white imp (about 36% to evade your +2 spear of venom)
You reach to attack!
You barely miss the white imp. The white imp gestures at you.
The puff of frost hits you!
You die...

#.. .## #.. #..###
#..# ##.....#:.
#...##.........
#..............
#..#...........
#.......?.$....
##...@.5........
#..............≈
.................≈
.......###...?≈≈≈≈
.. ......#
....≈≈h.. .#
#.#... #.#.≈≈gg..
.# # ###. #.
.≈gg... .# ..# ..
.. .≈5g... .# ...#
.. .≈...##


You could see a gnoll bouda, 3 gnolls, a white imp and a shadow imp.

Vanquished Creatures
  Grinder (D:5)
  Sigmund (D:3)
  Eustachio (D:4)
  Menkaure (D:5)
  Edmund (D:5)
  An orc warrior (D:6)
  A wolf (D:6)
  A phantom (D:6)
  Blork the orc (D:5)
  3 gnoll sergeants (D:6)
  A jelly (D:4)
  10 hounds
  2 orc priests (D:3)
  An iguana (D:6)
  2 orc wizards (D:3)
  15 gnolls
  5 adders
  2 ufetubi (D:5)
  2 worms
  2 dart slugs
  8 orcs
  5 ball pythons
  7 bats
  7 endoplasms
  5 giant cockroaches
  8 hobgoblins
  4 jackals
  6 kobolds
  5 quokkas
  9 frilled lizards
  11 goblins
  2 rats
131 creatures vanquished.

Vanquished Creatures (others)
  3 fungi (D:2)
3 creatures vanquished.

Grand Total: 134 creatures vanquished

Notes
Turn   | Place    | Note
-------+----------+-------------------------------------------
     0 | D:1      | Shayle the Tengu Reaver began the quest for the Orb.
     0 | D:1      | Reached XP level 1. HP: 12/12 MP: 4/4
   131 | D:1      | Reached XP level 2. HP: 16/17 MP: 6/6
   424 | D:1      | Reached skill level 1 in Necromancy
   590 | D:1      | Reached XP level 3. HP: 22/22 MP: 7/7
   954 | D:2      | Found a runed translucent door.
   955 | D:2      | Noticed Crazy Yiuf
   999 | D:3      | Reached skill level 1 in Earth Magic
  1107 | D:3      | HP: 1/22 [orc wizard/puff of flame (9)]
  1110 | D:3      | Reached skill level 3 in Dodging
  1110 | D:3      | Reached XP level 4. HP: 10/27 MP: 8/8
  1668 | D:2      | Gained mutation: Your magical nature lets you fly swiftly
                  | and evasively. [Tengu growth]
  1668 | D:2      | Reached XP level 5. HP: 16/32 MP: 9/9
  2510 | D:3      | Found a shadowy altar of Dithmenos.
  2713 | D:3      | Noticed Sigmund
  2725 | D:3      | Killed Sigmund
  2726 | D:3      | Reached skill level 4 in Dodging
  2726 | D:3      | Reached XP level 6. HP: 38/38 MP: 10/10
  2939 | D:4      | Found a staircase to the Ecumenical Temple.
  2962 | Temple   | Entered the Ecumenical Temple
  3247 | D:4      | Found a sacrificial altar of Ru.
  3342 | D:4      | Reached XP level 7. HP: 37/43 MP: 11/11
  3554 | D:4      | Learned a level 3 spell: Vampiric Draining
  3569 | D:4      | Got Urherphel's Secrets of Stones
  3614 | D:4      | Learned a level 3 spell: Stone Arrow
  3921 | D:5      | Entered Level 5 of the Dungeon
  3921 | D:5      | Noticed Eustachio
  3922 | D:5      | Noticed Blork the orc
  3944 | D:4      | Killed Eustachio
  4046 | D:5      | Killed Blork the orc
  4183 | D:5      | Noticed Grinder
  4202 | D:5      | Paralysed by Grinder for 3 turns
  4209 | D:5      | Killed Grinder
  4210 | D:5      | Reached skill level 5 in Dodging
  4210 | D:5      | Reached XP level 8. HP: 48/48 MP: 2/13
  4627 | D:5      | Noticed Menkaure
  4631 | D:5      | Killed Menkaure
  4839 | D:5      | Noticed Edmund
  4854 | D:5      | Killed Edmund
  4855 | D:5      | Reached skill level 5 in Fighting
  5180 | D:6      | Reached skill level 5 in Necromancy
  5634 | D:6      | Reached skill level 6 in Dodging
  5746 | D:6      | Reached XP level 9. HP: 54/54 MP: 2/16
  6076 | D:6      | Killed from afar by a white imp

Illustrated notes

Levels and vault maps discovered:
D:1:      nagdon_arrival_double_spiral, layout_basic, minmay_lizard_pond
D:2:      layout_basic, minmay_fractal_squares_5, uniq_crazy_yiuf_cottage
D:3:      layout_rooms, nicolae_dithmenos_through_a_glass_darkly, uniq_sigmund
D:4:      layout_basic, lemuel_coloured_pillars_altar,
          minmay_temple_entry_mini_moons
D:5:      layout_loops_cross, sigmund_army, uniq_edmund, uniq_grinder,
          uniq_blork_the_orc, uniq_menkaure, uniq_eustachio
D:6:      layout_cave_pools, serial_gnoll_camp, gnoll_camp_mini_sergeant,
          gnoll_camp_mini_basic, gnoll_camp_mini_loothouse,
          gnoll_camp_huts_moat, gnoll_camp_mini_hut, sword_in_stone
Temple:   nicolae_temple_bog_church

Skill      XL: |  1  2  3  4  5  6  7  8 |
---------------+-------------------------+-----
Necromancy     | 1 2 3 4 5 |  5.8
Earth Magic    | 1 2 3 |  3.9
Dodging        | 3 4 5 6 |  6.3
Fighting       | 3 4 5 |  5.8
Spellcasting   | 4 |  4.2
Short Blades   | |  3.2
Conjurations   | |  4.0

Action                   |  1- 3 |  4- 6 |  7- 9 || total
-------------------------+-------+-------+-------++-------
Melee: Short sword       |   125 |    67 |       ||   192
       Peck              |    21 |    11 |    36 ||    68
       Kick              |    22 |    31 |    52 ||   105
       Punch             |     2 |     1 |     2 ||     5
       Dagger            |       |    70 |   102 ||   172
       Spear             |       |       |    50 ||    50
 Cast: Stone Arrow       |       |       |    43 ||    43
       Kiss of Death     |       |       |     1 ||     1
Evoke: Wand              |       |       |     8 ||     8
  Use: Potion            |     1 |     4 |     4 ||     9
       Scroll            |       |    10 |     2 ||    12
 Stab: Sleeping          |     1 |       |       ||     1
Armor: Leather armour    |    32 |    22 |    29 ||    83
Dodge: Dodged            |    88 |    91 |   156 ||   335

Table legend: (Time is in decaauts)
 A = Elapsed time spent in this place.
 B = Non-inter-level travel time spent in this place.
 C = Inter-level travel time spent in this place.
 D = Time resting spent in this place.
 E = Time spent auto-exploring this place.
 F = Levels seen in this place.
 G = Mean time per level.
                   A        B        C        D        E       F      G
               +--------+--------+--------+--------+--------+-----+--------+
         Total |   5834 |   5668 |    166 |   1088 |   3289 |   7 |  833.4 |
       Dungeon |   5691 |   5538 |    153 |   1088 |   3166 |   6 |  948.5 |
        Temple |    143 |    131 |     12 |      0 |    123 |   1 |  143.0 |
               +--------+--------+--------+--------+--------+-----+--------+

Top non-repeatable levels by time:
     D:5: 1302 daAuts
     D:2: 1260 daAuts
     D:4: 866 daAuts
     D:3: 842 daAuts
     D:1: 772 daAuts
     D:6: 646 daAuts
  Temple: 143 daAuts
